 Dungeon Crawl Stone Soup version 0.13.0-15-g9204fa6 (webtiles) character file.

103241 Besmertnik the Destroyer (level 15, -4/88 HPs)
             Began as a Mummy Wizard on Oct 19, 2013.
             Was the Champion of Sif Muna.
             Slain by a harpy (7 damage)
             ... on Level 2 of the Shoals on Oct 20, 2013.
             The game lasted 04:46:59 (42835 turns).

Besmertnik the Destroyer (Mummy Wizard)            Turns: 42835, Time: 04:47:00

HP  -4/88        AC 17     Str 10      XL: 15   Next: 84%
MP  26/49        EV 10     Int 22      God: Sif Muna [******]
Gold 1556        SH 11     Dex 10      Spells:  9 memorised,  3 levels left

Res.Fire  : x . .   See Invis. : +   q - staff of power
Res.Cold  : + . .   Warding    : .   E - +3 troll leather armour
Life Prot.: + + +   Conserve   : .   I - +1 buckler {AC+3}
Res.Poison: +       Res.Corr.  : .   H - +0 helmet
Res.Elec. : .       Clarity    : +   j - +0 cloak
Sust.Abil.: + .     Spirit.Shd : .   g - +1 pair of gloves of Emposib {SInv}
Res.Mut.  : .       Stasis     : .   l - +1 pair of elf boots
Res.Rott. : +       Flight     : .   d - amulet of clarity
Saprovore : . . .                    y - ring of teleport control
                                     s - ring of sustain abilities

@: quite resistant to hostile enchantments, unstealthy
A: no food or potions, fire vulnerability, in touch with death, restore body,
cold resistance 1, life protection 3, poison resistance, torment resistance,
unbreathing
a: Self-Restoration, Channel Energy, Forget Spell, Renounce Religion, Evoke
Teleport Control


You were on level 2 of the Shoals.
You worshipped Sif Muna.
Sif Muna was exalted by your worship.
You were not hungry.

You visited 5 branches of the dungeon, and saw 31 of its levels.
You also visited: Labyrinth.

You collected 3187 gold pieces.
You spent 1651 gold pieces at shops.

Inventory:

Hand weapons
 a - a +3,+3 longbow of flame
 m - a +5,+4 short sword of protection
Armour
 g - the +1 pair of gloves of Emposib (worn) {SInv}
   (You bought it in a shop on level 13 of the Dungeon)

   It enhances your eyesight.
 j - a +0 cloak (worn)
 l - a +1 pair of elven boots (worn)
 E - a +3 troll leather armour (worn)
 H - a +0 helmet (worn)
 I - a +1 buckler of protection (worn)
Magical devices
 n - a wand of disintegration (7)
 o - a wand of lightning (3)
 w - a wand of fire (9)
 x - a wand of digging (12)
 z - a wand of heal wounds (6)
 D - a wand of draining (5)
Scrolls
 b - a scroll of enchant weapon I
 i - 10 scrolls of remove curse
 u - a scroll of magic mapping
Jewellery
 d - an amulet of clarity (around neck)
 k - an uncursed ring of see invisible
 s - a ring of sustain abilities (left hand)
 y - a ring of teleport control (right hand)
Potions
 h - a potion of heal wounds
Books
 c - a book of Minor Magic

   Spells                             Type                      Level
   Magic Dart                         Conjuration                  1
   *Blink                             Translocation                2
   Call Imp                           Summoning                    2
   *Repel Missiles                    Charms/Air                   2
   Slow                               Hexes                        2
   *Conjure Flame                     Conjuration/Fire             3
   *Mephitic Cloud                    Conjuration/Poison/Air       3
 e - a book of Necromancy

   Spells                             Type                      Level
   Pain                               Necromancy                   1
   Animate Skeleton                   Necromancy                   1
   Lethal Infusion                    Charms/Necromancy            2
   Vampiric Draining                  Necromancy                   3
   Regeneration                       Charms/Necromancy            3
   Animate Dead                       Necromancy                   4
   Control Undead                     Necromancy                   4
Magical staves
 q - an uncursed staff of power (weapon)


   Skills:
   Level 0.2 Polearms
 - Level 5.0 Armour
 - Level 1.5 Dodging
 + Level 6.5 Stealth
 - Level 5.0 Shields
 + Level 9.4 Spellcasting
 + Level 17.0 Conjurations
 - Level 1.0 Charms
   Level 0.7 Summonings
 - Level 2.2 Translocations
 * Level 3.3 Fire Magic
 - Level 7.2 Ice Magic
 - Level 3.2 Air Magic
 - Level 0.5 Poison Magic
 - Level 5.2 Invocations


You had 3 spell levels left.
You knew the following spells:

 Your Spells              Type           Power        Failure   Level  Hunger
a - Shock                 Conj/Air       ####         1%          1    N/A
b - Blink                 Tloc           N/A          4%          2    N/A
c - Orb of Destruction    Conj           ######....   8%          7    N/A
d - Conjure Flame         Conj/Fire      ######..     1%          3    N/A
e - Mephitic Cloud        Conj/Pois/Air  #####...     1%          3    N/A
f - Fireball              Conj/Fire      ######....   2%          5    N/A
g - Repel Missiles        Chrm/Air       ###.......   4%          2    N/A
h - Throw Icicle          Conj/Ice       ######..     1%          4    N/A
i - Swiftness             Chrm/Air       ###.......   4%          2    N/A

Dungeon Overview and Level Annotations

Branches:
Dungeon (16/27)            Temple (1/1) D:7             Orc (4/4) D:8
    Elf (0/3) Orc:3          Lair (8/8) D:12         Shoals (2/5) Lair:5
 Spider (0/5) Lair:3        Slime (0/6) Lair:7
 Vaults: D:15-20

Altars:
Ashenzari
Cheibriados
Elyvilon
Fedhas
Kikubaaqudgha
Makhleb
Nemelex Xobeh
Okawaru
Sif Muna
Trog
Vehumet
Xom
Yredelemnul
Zin
the Shining One

Shops:
D:5 +   D:10 ?+*   D:13 *   Orc:4 %?*!}*/

Portals:
Trove: D:11 (give 14 potions of heal wounds)

Annotations:
D:16 Azrael
Lair:6 exclusion: 2 oklob plants
Shoals:2 Polyphemus


Innate Abilities, Weirdness & Mutations

You do not eat or drink.
Your flesh is vulnerable to fire.
You are in touch with the powers of death.
You can restore your body by infusing magical energy.
Your flesh is cold resistant.
You are immune to negative energy.
Your system is resistant to poisons.
You are immune to unholy pain and torment.
You can survive without breathing.


Message History

n - a wand of disintegration (7)
The harpy closely misses you. The harpy claws you but does no damage.
Casting: Blink
Confirm with . or Enter, or press ? or * to list all spells.
You blink.
The harpy claws you but does no damage. The harpy barely misses you.
The harpy claws you but does no damage. You block the harpy's attack.
Casting: Blink
Confirm with . or Enter, or press ? or * to list all spells.
You blink.
Splash!
You fall into the shallow water.
Moving in this stuff is going to be slow.
The harpy closely misses you. The harpy claws you but does no damage.
The harpy claws you!
* * * LOW HITPOINT WARNING * * *
The harpy claws you.
* * * LOW HITPOINT WARNING * * *
The harpy lunges at you hungrily! The harpy barely misses you.
The harpy claws you!
You die...

≈≈≈...≈≈≈≈≈≈≈≈≈≈≈≈≈≈≈≈.≈≈≈≈≈≈≈≈≈≈
≈≈≈≈..≈≈≈≈≈≈≈.....≈≈≈≈≈≈≈..≈≈≈≈≈≈
≈≈..≈..≈≈≈≈≈≈≈....≈≈≈≈≈≈≈≈≈≈≈≈≈≈≈
≈......≈≈..........≈≈≈≈≈≈≈≈≈≈≈≈≈
≈######..%......#....≈≈≈≈≈≈≈≈≈
.#### ...≈≈........!≈≈≈≈≈≈≈≈≈
....# ..≈≈.........≈≈≈≈≈≈≈≈≈
##...# ..≈≈≈....H≈...≈≈≈≈≈...≈
.......≈≈≈≈≈≈≈@HHHH.≈≈≈≈≈...≈
.........≈≈≈≈HHH≈t≈≈≈≈≈.?..≈
....... .....≈≈≈≈≈≈H.≈≈≈≈......≈
...... ....≈≈≈≈≈...≈≈≈§≈...#.
..... ? ##.≈≈≈≈≈#.≈≈≈≈≈≈≈....≈≈
≈<. ..###.....≈≈...≈≈≈≈≈≈≈...≈
≈≈. ....#..(..≈≈≈≈..≈≈≈≈≈≈≈..≈≈
≈≈≈.≈≈≈......≈≈≈≈≈≈≈.≈≈≈≈≈≈..≈≈
≈≈ ≈≈≈≈≈....≈≈H≈≈≈≈≈≈...≈≈≈≈≈≈


You could see a snapping turtle, a hippogriff and 8 harpies.

Vanquished Creatures
  Roxanne (D:15)
  A stone giant (Orc:4)
  An ettin (Orc:4)
  A minotaur (Lab)
  A siren (Shoals:2)
  7 hydras
  Nessos (Shoals:1)
  4 death yaks
  A rakshasa (Lair:1)
  6 centaur warriors
  A catoblepas (Lair:5)
  An unseen horror (D:12)
  3 sea snakes
  9 hill giants
  5 harpies (Shoals:2)
  Joseph (Orc:4)
  8 crystal golems (D:14)
  4 orc knights
  5 griffons
  An orc sorcerer (Orc:1)
  6 cyclopes
  7 elephants
  Maurice (Orc:3)
  3 black mambas
  A feature mimic (D:10)
  A spriggan druid (Lair:8)
  An eye of devastation (D:16)
  9 spiny frogs
  A yaktaur (shapeshifter) (D:16)
  11 trolls
  9 komodo dragons
  2 mermaids
  2 fire drakes
  A giant firefly (Lair:8)
  7 spriggans (Lair:8)
  4 red devils (D:10)
  3 two-headed ogres
  10 slime creatures
  A hydra skeleton (D:16)
  2 snapping turtles (Shoals:1)
  4 basilisks
  A trapdoor spider (D:11)
  6 blink frogs
  A shadow (D:15)
  11 grizzly bears (Lair:8)
  19 ugly things
  5 wraiths
  5 wyverns
  4 hill giant zombies
  4 elephant slugs
  4 water elementals
  13 vampire mosquitoes
  2 hungry ghosts
  7 merfolk
  12 wolves (Lair:8)
  57 yaks
  13 hippogriffs
  2 sharks
  A necrophage (D:10)
  A rock worm (D:16)
  2 mottled dragons
  3 hell hounds (D:16)
  An orange crystal statue (D:14)
  2 manticores
  11 porcupines
  5 sky beasts
  6 black bears
  12 ogres
  3 giant goldfish
  30 centaurs
  4 phantoms
  43 orc warriors
  3 yellow wasps
  16 crocodiles
  7 giant slugs
  A yaktaur zombie (D:15)
  6 boring beetles
  A brain worm (D:15)
  A hill giant simulacrum (D:14)
  2 big kobolds
  19 giant frogs
  10 agate snails
  A komodo dragon skeleton (D:14)
  16 water moccasins
  A cyclops zombie (D:9)
  A cyclops skeleton (D:14)
  A yak zombie (D:10)
  A hippogriff zombie (D:10)
  4 jellyfish
  A troll zombie (D:15)
  An eye of draining (D:12)
  9 electric eels
  A troll skeleton (D:11)
  19 killer bees
  A quasit (D:10)
  4 wights (D:6)
  9 crimson imps
  9 hounds
  2 goliath beetles
  13 orc priests
  A basilisk zombie (D:15)
  5 jellies
  10 iguanas
  3 scorpions
  2 basilisk skeletons
  A black bear skeleton (D:10)
  24 orc wizards
  A big fish (Lair:2)
  A two-headed ogre skeleton (D:12)
  An ogre zombie (D:6)
  10 sheep
  8 worker ants
  A big kobold zombie (D:14)
  A sky beast zombie (D:10)
  Ijyb (D:2)
  A brain worm zombie (D:9)
  A mottled dragon skeleton (D:14)
  A big kobold skeleton (D:14)
  A hound skeleton (D:4)
  An ogre skeleton (D:6)
  Terence (D:3)
  2 mummies
  A worker ant zombie (D:6)
  38 green rats
  11 gnolls
  23 adders
  2 giant centipedes
  3 giant mites
  An inept feature mimic (D:5)
  10 worms
  An adder skeleton (D:8)
  An iguana zombie (D:11)
  4 giant eyeballs
  11 giant geckos
  3 oozes
  176 orcs
  3 giant cockroaches
  18 goblins
  13 hobgoblins
  15 kobolds
  13 quokkas
  10 ball pythons
  11 bats
  4 giant newts
  A giant newt skeleton (D:5)
  6 giant spores
  3 illusory rakshasas
  21 jackals
  2 orc skeletons
  An orc zombie (D:6)
  26 rats
  31 ballistomycetes
  A bush (Lair:3)
  4 fungi
  2 plants (Lair:6)
1146 creatures vanquished.

Vanquished Creatures (others)
  An orc wizard (D:10)
  A giant spore (D:12)
  10 fungi
12 creatures vanquished.

Grand Total: 1158 creatures vanquished

Notes
Turn   | Place    | Note
--------------------------------------------------------------
     0 | D:1      | Besmertnik, the Mummy Wizard, began the quest for the Orb.
     0 | D:1      | Reached XP level 1. HP: 11/11 MP: 5/5
    61 | D:1      | Reached XP level 2. HP: 17/17 MP: 0/7
  1252 | D:2      | Reached XP level 3. HP: 20/22 MP: 1/9
  1323 | D:2      | Learned a level 2 spell: Blink
  1326 | D:2      | Learned a level 2 spell: Repel Missiles
  1330 | D:2      | Learned a level 3 spell: Conjure Flame
  1462 | D:2      | Noticed Ijyb
  1838 | D:2      | Reached skill level 4 in Spellcasting
  2112 | D:2      | Reached skill level 1 in Conjurations
  3338 | D:3      | HP: 1/22 [orc wizard/magic dart (7)]
  3340 | D:3      | Reached XP level 4. HP: 1/28 MP: 0/12
  3630 | D:3      | Learned a level 3 spell: Mephitic Cloud
  3633 | D:3      | Noticed Terence
  4065 | D:3      | Killed Terence
  4627 | D:2      | Killed Ijyb
  4627 | D:2      | Reached XP level 5. HP: 28/33 MP: 3/14
  5392 | D:4      | Noticed a phantom
  5400 | D:4      | Killed a phantom
  5400 | D:4      | Reached skill level 1 in Air Magic
  5400 | D:4      | Reached XP level 6. HP: 36/39 MP: 2/16
  5896 | D:4      | Found a burning altar of Makhleb.
  5899 | D:4      | Found a bloodstained altar of Trog.
  5902 | D:4      | Found a sparkling altar of Nemelex Xobeh.
  6144 | D:5      | Entered Level 5 of the Dungeon
  7033 | D:5      | Found Ghegea's Book Emporium.
  7510 | D:6      | Reached XP level 7. HP: 44/44 MP: 6/18
  7934 | D:6      | Reached skill level 5 in Conjurations
  8272 | D:6      | Reached skill level 1 in Fire Magic
  8656 | D:6      | Reached XP level 8. HP: 50/50 MP: 14/19
  8906 | D:7      | Found a staircase to the Ecumenical Temple.
  8982 | Temple   | Entered the Ecumenical Temple
  8995 | Temple   | Became a worshipper of Sif Muna the Loreminder
  9045 | D:7      | Noticed a boulder beetle
  9442 | D:7      | Reached skill level 6 in Conjurations
  9442 | D:7      | Reached skill level 1 in Translocations
 10560 | D:8      | Acquired Sif Muna's first power
 10771 | D:8      | Reached skill level 7 in Conjurations
 10771 | D:8      | Reached skill level 1 in Invocations
 10794 | D:8      | Found a staircase to the Orcish Mines.
 11206 | D:8      | Reached XP level 9. HP: 55/55 MP: 20/20
 11360 | Orc:1    | Entered Level 1 of the Orcish Mines
 11673 | D:5      | Bought a book of Power for 450 gold pieces
 11946 | D:8      | Learned a level 4 spell: Iskenderun's Mystic Blast
 12071 | D:9      | Found a white marble altar of Elyvilon.
 12348 | D:9      | Found a snail-covered altar of Cheibriados.
 12467 | D:9      | Reached skill level 5 in Invocations
 12814 | D:9      | Reached skill level 8 in Conjurations
 12875 | D:10     | Entered Level 10 of the Dungeon
 13302 | D:10     | Found Waplusor's Magic Scroll Emporium.
 13312 | D:10     | Bought a scroll of teleportation for 36 gold pieces
 13312 | D:10     | Bought a scroll of blinking for 66 gold pieces
 13387 | D:10     | Noticed a hill giant
 13396 | D:10     | Killed a hill giant
 13396 | D:10     | Acquired Sif Muna's second power
 13418 | D:10     | Noticed a hill giant
 13425 | D:10     | Killed a hill giant
 13425 | D:10     | Reached skill level 9 in Conjurations
 13425 | D:10     | Reached XP level 10. HP: 61/61 MP: 7/21
 14031 | D:10     | Noticed a hill giant
 14240 | D:10     | Found Xeapt's Book Emporium.
 14270 | D:10     | Killed a hill giant
 14270 | D:10     | Reached skill level 10 in Conjurations
 14437 | D:10     | Found Cupibra's Magical Wand Boutique.
 14464 | D:10     | Cupibra's Magical Wand Boutique was a mimic.
 14469 | D:10     | Reached skill level 1 in Charms
 14643 | D:10     | Acquired Sif Muna's third power
 15251 | D:10     | Reached skill level 11 in Conjurations
 15507 | D:10     | Found Seicveir's Assorted Antiques.
 16064 | D:10     | Reached XP level 11. HP: 59/66 MP: 22/22
 16611 | D:11     | Found a portal to a secret trove of treasure.
 17080 | D:11     | Reached skill level 12 in Conjurations
 17532 | D:12     | Reached skill level 5 in Stealth
 17624 | D:12     | Noticed a hill giant
 17804 | D:13     | Noticed a centaur warrior
 17815 | D:13     | Killed a centaur warrior
 17816 | D:13     | Noticed a rakshasa
 18356 | D:12     | Reached skill level 1 in Shields
 18796 | D:12     | Found a staircase to the Lair.
 18946 | D:12     | Received a gift from Sif Muna
 18946 | D:12     | Reached skill level 13 in Conjurations
 18947 | D:12     | Identified Sif Muna's Handbook of Aerial Arcane Weapons (Sif Muna gifted it to you on level 12 of the Dungeon)
 18961 | Lair:1   | Entered Level 1 of the Lair of Beasts
 18976 | Lair:1   | Learned a level 1 spell: Shock
 19789 | Lair:2   | Identified Nadogog's Guide on Unholy Magic
 20173 | Lair:2   | Reached XP level 12. HP: 72/72 MP: 9/24
 20279 | Lair:2   | Reached skill level 5 in Spellcasting
 20932 | Lair:2   | Learned a level 5 spell: Fireball
 21832 | Lair:1   | Learned a level 7 spell: Orb of Destruction
 21978 | Lair:3   | Found a hole to the Spider Nest.
 22915 | Lair:3   | Noticed a seven-headed hydra
 22921 | Lair:3   | Killed a seven-headed hydra
 23660 | Lair:4   | Reached skill level 5 in Shields
 24104 | Lair:4   | Received a gift from Sif Muna
 24108 | Lair:4   | Identified Sif Muna's Reference Book on Excruciating Self-Improvement (Sif Muna gifted it to you on level 4 of the Lair of Beasts)
 24235 | Lair:5   | Reached skill level 14 in Conjurations
 24533 | Lair:5   | Reached XP level 13. HP: 77/77 MP: 20/27
 25112 | Lair:5   | Found a staircase to the Shoals.
 25626 | Lair:6   | Reached skill level 15 in Conjurations
 26834 | Lair:7   | Found a staircase to the Slime Pits.
 26834 | Lair:7   | Noticed an acid blob
 26834 | Lair:7   | Noticed an acid blob
 26876 | Lair:7   | Received a gift from Sif Muna
 26881 | Lair:7   | Identified Sif Muna's Guide on Arcane Weapons and Heat (Sif Muna gifted it to you on level 7 of the Lair of Beasts)
 27524 | Lair:8   | Entered Level 8 of the Lair of Beasts
 27621 | Lair:8   | Found a snail-covered altar of Cheibriados.
 27897 | Lair:8   | Reached skill level 16 in Conjurations
 28187 | Lair:8   | Reached XP level 14. HP: 83/83 MP: 29/29
 28195 | Lair:8   | Learned a level 4 spell: Throw Icicle
 28597 | Lair:8   | Received a gift from Sif Muna
 28598 | Lair:8   | Identified Khaow's Disquisition on Feathers (Sif Muna gifted it to you on level 8 of the Lair of Beasts)
 28743 | Lair:8   | Reached skill level 1 in Ice Magic
 29225 | Lair:1   | Killed a rakshasa
 29372 | D:12     | Killed a hill giant
 29558 | D:12     | Noticed an unseen horror
 29562 | D:12     | Killed an unseen horror
 30933 | Orc:1    | Noticed an orc sorcerer
 30944 | Orc:1    | Killed an orc sorcerer
 31098 | Orc:1    | Noticed an orc knight
 31306 | Orc:1    | Noticed an orc knight
 31314 | Orc:1    | Killed an orc knight
 31338 | Orc:1    | Killed an orc knight
 31600 | Orc:2    | Upgraded the game from 0.13.0-13-g27bfa31 to 0.13.0-15-g9204fa6
 32056 | Orc:3    | Noticed Maurice
 32060 | Orc:3    | Killed Maurice
 32225 | Orc:3    | Found a staircase to the Elven Halls.
 32568 | Orc:4    | Entered Level 4 of the Orcish Mines
 32575 | Orc:4    | Noticed Joseph
 32682 | Orc:4    | Found Ghot's Magic Scroll Boutique.
 33071 | Orc:4    | Found Biostimiysch's Food Boutique.
 33636 | Orc:4    | Killed Joseph
 33677 | Orc:4    | Found Uloim's Magical Wand Shop.
 34032 | Orc:4    | Found Oriekaic's Distillery.
 34032 | Orc:4    | Found Wopuong's Gadget Shoppe.
 34035 | Orc:4    | Found Schisissa's Assorted Antiques.
 34037 | Orc:4    | Found Kliuta's General Store.
 34318 | Orc:4    | Bought a scroll of identify for 24 gold pieces
 34318 | Orc:4    | Bought a scroll of recharging for 66 gold pieces
 34318 | Orc:4    | Bought a scroll of identify for 24 gold pieces
 34343 | Orc:4    | Reached skill level 17 in Conjurations
 34586 | Orc:4    | Bought a scroll of recharging for 187 gold pieces
 34992 | D:13     | Found Siegibui's General Store.
 35014 | D:13     | Received a gift from Sif Muna
 35099 | D:13     | Identified Boris' Reference Book on Attacks (Sif Muna gifted it to you on level 13 of the Dungeon)
 35103 | D:13     | Bought the +1 pair of gloves of Emposib {SInv} for 348 gold pieces
 35313 | D:13     | Learned a level 2 spell: Swiftness
 35894 | D:14     | Entered Level 14 of the Dungeon
 36055 | D:14     | Reached skill level 5 in Ice Magic
 36117 | D:14     | Reached XP level 15. HP: 88/88 MP: 28/31
 36168 | D:14     | Reached skill level 1 in Armour
 37254 | D:14     | Got a slimy silver ring
 37257 | D:14     | Got a shimmering silver ring
 37450 | D:14     | Got a warped trident
 37469 | D:14     | Identified the ring "Yhes" {+Rage MR} (You found it on level 14 of the Dungeon)
 37470 | D:14     | Identified the ring of Cietsaro {+/*Tele Dex+1} (You found it on level 14 of the Dungeon)
 37471 | D:14     | Identified the +6,+7 trident "Besuf" {pierce, +Rage +Fly MR++} (You found it on level 14 of the Dungeon)
 37639 | D:15     | Entered Level 15 of the Dungeon
 37699 | D:15     | Found a white marble altar of Elyvilon.
 37709 | D:15     | Found a labyrinth entrance.
 37713 | Lab      | Entered a labyrinth
 38473 | Lab      | Got a bloodstained dagger
 38484 | Lab      | Identified a scroll of acquirement
 38485 | Lab      | Identified the +5,+9 dagger of Inquiry {flame, +Inv} (You found it in a labyrinth)
 38780 | D:15     | Noticed Roxanne
 39368 | D:15     | Killed Roxanne
 39544 | D:15     | Identified Roxanne's Collected Works on Earthen Changing (You took it off Roxanne on level 15 of the Dungeon)
 40273 | D:10     | Bought a book of Necromancy for 450 gold pieces
 40802 | D:16     | Found a shattered altar of Ashenzari.
 40993 | D:16     | Received a gift from Sif Muna
 41416 | D:16     | Noticed Azrael
 41707 | Shoals:1 | Entered Level 1 of the Shoals
 41707 | Shoals:1 | Noticed Nessos
 41721 | Shoals:1 | Killed Nessos
 42417 | Shoals:2 | Reached skill level 5 in Armour
 42624 | Shoals:2 | Noticed Polyphemus
 42835 | Shoals:2 | HP: 3/88 [harpy (4)]
 42835 | Shoals:2 | Slain by a harpy

Action                   |  1- 3 |  4- 6 |  7- 9 | 10-12 | 13-15 || total
-------------------------+-------+-------+-------+-------+-------++-------
Melee: Flail             |    12 |     9 |       |       |       ||    21
       Short sword       |       |    37 |    33 |    10 |       ||    80
       Spear             |       |       |    93 |       |       ||    93
       Staff             |       |       |       |       |    77 ||    77
 Cast: Magic Dart        |   132 |   140 |   409 |   177 |       ||   858
       Mephitic Cloud    |       |    16 |    26 |    27 |     9 ||    78
       Conjure Flame     |       |     8 |    55 |   143 |    21 ||   227
       Blink             |       |     2 |     3 |    19 |    46 ||    70
       Iskenderun's Myst |       |       |     5 |   294 |       ||   299
       Repel Missiles    |       |       |     3 |     6 |    57 ||    66
       Shock             |       |       |       |   209 |   358 ||   567
       Fireball          |       |       |       |    42 |   173 ||   215
       Orb of Destructio |       |       |       |    31 |   480 ||   511
       Swiftness         |       |       |       |       |    17 ||    17
Invok: Channel Energy    |       |       |   215 |  1180 |  2082 ||  3477
Evoke: Wand              |       |       |       |       |     1 ||     1
  Use: Scroll            |     1 |    12 |    14 |    22 |    30 ||    79
 Stab: Confused          |       |     3 |       |       |       ||     3
